 Dungeon Crawl Stone Soup version 0.30.0-29-ga12c61a403 (webtiles) character file.

Game seed: 2985667266681421709

550 DildoBatman the Conjurer (level 7, -1/52 HPs)
             Began as a Formicid Conjurer on June 5, 2023.
             Slain by a gnoll
             ... wielding a +0 flail
              (6 damage)
             ... on level 5 of the Dungeon.
             The game lasted 00:09:33 (3057 turns).

DildoBatman the Conjurer (Formicid Conjurer)        Turns: 3057, Time: 00:09:34

Health: -1/52      AC:  5    Str: 15    XL:     7   Next: 54%
Magic:  4/12       EV: 12    Int: 19    God:
Gold:   65         SH:  0    Dex: 12    Spells: 7/13 levels left

rFire   . . .        a - +8 hammer of the Chickpea {drain, rElec rPois Str+3 Stlth+}
rCold   + . .        (no shield)
rNeg    + . .        s - +2 leather armour {rN+}
rPois   +            (helmet unavailable)
rElec   +            (no cloak)
rCorr   .            (no gloves)
SInv    +            (no boots)
Will    +....        (no amulet)
Stlth   +++          q - ring of protection from cold
HPRegen 0.28/turn    n - ring of willpower
MPRegen 0.13/turn

%: no passive effects
@: no status effects
A: permanent stasis, dig shafts and tunnels, antennae 3, four strong arms
a: Dig, Shaft Self


You were on level 5 of the Dungeon.
You visited 1 branch of the dungeon, and saw 5 of its levels.

You collected 149 gold pieces.
You spent 84 gold pieces at shops.

Inventory:

Hand Weapons
 a - the +8 hammer of the Chickpea (weapon) {drain, rElec rPois Str+3 Stlth+}
   (You found it on level 2 of the Dungeon)

   Str:       It affects your strength (+3).
   rElec:     It insulates you from electricity.
   rPois:     It protects you from poison.
   Stlth:     It makes you more stealthy.
Missiles
 d - 28 stones
Armour
 s - a +2 leather armour of positive energy (worn)
Jewellery
 n - a ring of willpower (right hand)
 q - a ring of protection from cold (left hand)
Wands
 h - a wand of mindburst (11)
Scrolls
 c - a scroll of summoning
 e - a scroll of enchant armour
 g - a scroll of poison
 i - a scroll of fear
 k - a scroll of vulnerability {unknown}
 p - a scroll of blinking {unknown}
 t - a scroll of fog {unknown}
 u - a scroll of noise {unknown}
Potions
 b - a potion of magic
 f - 2 potions of haste {unknown}
 j - a potion of curing {unknown}
 l - a potion of invisibility {unknown}
 m - a potion of berserk rage {unknown}
 o - a potion of brilliance {unknown}
 r - a potion of might {unknown}


   Skills:
 * Level 3.1 Fighting
 * Level 2.4 Maces & Flails
 * Level 3.0 Armour
 - Level 3.0 Dodging
 - Level 3.0 Stealth
 * Level 3.8 Spellcasting
 - Level 4.0 Conjurations
 * Level 2.3 Necromancy


You had 7 spell levels left.
You knew the following spells:

 Your Spells              Type           Power      Damage    Failure   Level
a - Searing Ray           Conj           36%        2d5       4%          2
b - Vampiric Draining     Necr           12%        2d6       19%         3
c - Magic Dart            Conj           72%        1d6       3%          1

Your spell library contained the following spells:

 Spells                   Type           Power      Damage    Failure   Level
 Necrotise                Necr           48%        1d6       6%          1
 Apportation              Tloc           6%         N/A       17%         1
 Dazzling Flash           Conj/Hex       22%        N/A       22%         3
 Call Canine Familiar     Summ           3%         N/A       45%         3
 Portal Projectile        Hex/Tloc       6%         N/A       45%         3
 Fulminant Prism          Conj/Hex       5%         3d7       58%         4
 Iskenderun's Mystic Bla  Conj/Tloc      11%        2d4       58%         4
 Leda's Liquefaction      Hex/Erth       1%         N/A       86%         4
 Olgreb's Toxic Radiance  Pois           3%         N/A       86%         4
 Agony                    Necr           12%        N/A       87%         5
 Arcjolt                  Conj/Air       5%         1d15      91%         5
 Alistair's Intoxication  Tmut/Pois      2%         N/A       99%         5
 Plasma Beam              Fire/Air       1%         2x1d12    100%        6
 Discord                  Hex            1%         N/A       100%        8
 Ignition                 Fire           1%         3d3       100%        8
 Vhi's Electric Charge    Tloc/Air       Unusable   N/A       N/A         3

Dungeon Overview and Level Annotations

Branches:
Dungeon (5/15)
 Temple: D:4-7

Altars:
Okawaru

Shops:
D:3 ?

Annotations:
D:2 1 runed translucent door, 1 exclusion, Crazy Yiuf, Jessica, Sigmund
D:3 Ijyb, Robin
D:4 exclusion: sleepcap, Grinder, Menkaure
D:5 exclusions: sensed monster (detected), sleepcap and wight


Innate Abilities, Weirdness & Mutations

You cannot be hasted, slowed, berserked, paralysed or teleported.
You can dig through walls and to a lower floor.
You have a pair of large antennae on your head. (SInv)
Your four strong arms can wield two-handed weapons with a shield.


Message History

Found a stone staircase leading up.
The orc priest shouts!
You hear a shout!
An orc comes into view. It is wielding a +0 hand axe.
An orc wizard comes into view.
It is wielding a +0 dagger and wearing a +1 robe of positive energy.
The orc priest moves out of view.
The orc wizard shouts!
Things that are here:
a +0 hand axe; an orc corpse You thump the orc wizard!
You drain the orc wizard.
The orc wizard is almost dead.
The orc wizard gestures at you while chanting.
The magic dart hits you.
You closely miss the orc wizard. You punch the orc wizard.
You kill the orc wizard!
The orc wizard casts a spell.
The orc wizard flickers and vanishes for a moment.
You hear a shout!
Your Armour skill increases to level 3!
A gnoll comes into view. It is wielding a +0 flail.
The orc wizard hits you but does no damage.
A gnoll comes into view. It is wielding a +0 flail. x2
Things that are here:
a +0 dagger; a +0 robe You hit the orc wizard.
The orc wizard is lightly wounded.
The orc wizard misses you. The orc hits you with a +0 hand axe.
The orc wizard hits you but does no damage.
The orc hits you with a +0 hand axe.
You hit the orc wizard.
The orc wizard is moderately wounded.
The orc barely misses you.
The orc wizard hits you but does no damage.
The orc priest mumbles some strange prayers to Beogh against you.
Beogh smites you! The gnoll hits you with a +0 flail.
You die...

.######## #.......### .#
#.#####.# .#
#######.######### .#
#...............# ##
#.#####.#######.#
#########. #.........#.#
#........ #########.#..
.."...)g####....#.....'..
....ogoo@)).....#.###.#..
#.#.g.#)##...#..#.)...#.#
#.. #.#....#..#######.#
#...#.##...#....f.....#
.............$..........
#o .#.#+##.#>..##########
# ##........#######
................+.....
###........#...##.....


You could see an orc priest, an orc wizard (invisible), 3 gnolls and an orc.

Vanquished Creatures
  An ogre (D:5)
  A scorpion (D:4)
  2 jellies
  2 hounds
  A gnoll bouda (D:5)
  2 iguanas
  2 orc wizards (D:5)
  3 gnolls (D:5)
  4 adders
  3 worms
  11 orcs
  11 endoplasms
  2 giant cockroaches
  5 goblins
  6 hobgoblins
  2 jackals (D:3)
  4 quokkas
  10 ball pythons
  4 bats
  A frilled lizard (D:2)
  4 kobolds
  4 rats
85 creatures vanquished.

Notes
Turn   | Place    | Note
-------+----------+-------------------------------------------
     0 | D:1      | DildoBatman the Formicid Conjurer began the quest for the
                  | Orb.
     0 | D:1      | Reached XP level 1. HP: 13/13 MP: 3/3
   305 | D:1      | Reached XP level 2. HP: 16/19 MP: 3/5
   309 | D:1      | Learned a level 2 spell: Searing Ray
   667 | D:1      | Reached XP level 3. HP: 25/25 MP: 3/6
   774 | D:1      | Found a faded altar of an unknown god.
   804 | D:1      | Reached skill level 1 in Fighting
  1034 | D:2      | Noticed Sigmund
  1169 | D:2      | Reached skill level 1 in Armour
  1340 | D:2      | Learned a level 3 spell: Vampiric Draining
  1472 | D:2      | Found a runed translucent door.
  1473 | D:2      | Noticed Crazy Yiuf
  1474 | D:2      | Identified the +8 hammer of the Chickpea {drain, rElec
                  | rPois Str+3 Stlth+}
  1695 | D:2      | Noticed Jessica
  1698 | D:2      | You fall into a shaft and drop 1 floor!
  1783 | D:3      | Reached XP level 4. HP: 32/32 MP: 7/7
  1880 | D:3      | Noticed Ijyb
  1983 | D:3      | Found Duoshess's Magic Scroll Shop.
  1992 | D:3      | Bought a scroll of identify for 28 gold pieces
  1994 | D:3      | Bought a scroll of identify for 28 gold pieces
  1994 | D:3      | Bought a scroll of identify for 28 gold pieces
  2142 | D:3      | Reached XP level 5. HP: 38/38 MP: 1/9
  2207 | D:4      | Noticed Menkaure
  2226 | D:4      | Found an iron altar of Okawaru.
  2286 | D:4      | Reached skill level 1 in Maces & Flails
  2286 | D:4      | Reached skill level 4 in Conjurations
  2286 | D:4      | Reached skill level 1 in Necromancy
  2311 | D:4      | Reached XP level 6. HP: 44/44 MP: 4/10
  2313 | D:4      | Noticed Grinder
  2483 | D:3      | Noticed Robin
  2745 | D:5      | Entered Level 5 of the Dungeon
  2961 | D:5      | Noticed an ogre
  2981 | D:5      | Killed an ogre
  2982 | D:5      | Reached XP level 7. HP: 51/51 MP: 4/12
  3057 | D:5      | Slain by a gnoll

Illustrated notes

Levels and vault maps discovered:
D:1:      dpeg_arrival_lava_temple_mockup, layout_basic,
          shapermc_ecumenical_altar_hornbeckon, minmay_pentomino_o4
D:2:      layout_basic, uniq_crazy_yiuf_cottage, uniq_jessica, uniq_sigmund
D:3:      layout_basic, mainiacjoe_overflow_six_doors_small, serial_shops,
          nicolae_shop_temple_entry_statues_fountains, minmay_circle_x,
          uniq_robin, uniq_ijyb
D:4:      layout_rooms, mainiacjoe_overflow_boulevard, old_standard_altar,
          uniq_grinder, uniq_natasha, uniq_menkaure, uniq_eustachio,
          uniq_blork_the_orc
D:5:      layout_basic, led_sif_book

Skill      XL: |  1  2  3  4  5  6  7 |
---------------+----------------------+-----
Dodging        | 2 3 |  3.0
Fighting       | 1 2 3 |  3.1
Armour         | 1 2 3 |  3.0
Stealth        | 3 |  3.0
Maces & Flails | 1 2 |  2.4
Spellcasting   | 3 |  3.8
Conjurations   | 4 |  4.0
Necromancy     | 1 2 |  2.3

Action                     |  1- 3 |  4- 6 |  7- 9 || total
---------------------------+-------+-------+-------++-------
  Melee: Short sword       |    15 |       |       ||    15
         Mace              |     6 |    60 |     8 ||    74
         Punch             |       |       |     1 ||     1
   Cast: Magic Dart        |    62 |    21 |       ||    83
         Searing Ray       |     4 |     6 |     2 ||    12
Ability: Shaft Self        |     1 |       |       ||     1
    Use: Scroll            |       |     5 |       ||     5
   Stab: Sleeping          |     1 |     5 |       ||     6
 Armour: Robe              |     1 |     5 |       ||     6
         Leather armour    |       |     5 |     3 ||     8
  Dodge: Dodged            |     8 |    42 |     5 ||    55
